 Dungeon Crawl Stone Soup version 0.30.0-10-gfe55d96785 (webtiles) character file.

Game seed: 10721541707510018673

89 hawla the Firebug (level 4, -4/24 HPs)
             Began as a Deep Elf Fire Elementalist on May 15, 2023.
             Slain by an orc
             ... wielding a +0 whip
              (5 damage)
             ... on level 3 of the Dungeon on May 16, 2023.
             The game lasted 00:08:20 (2645 turns).

hawla the Firebug (Deep Elf Fire Elementalist)      Turns: 2645, Time: 00:08:21

Health: -4/24      AC:  4    Str:  5    XL:     4   Next: 31%
Magic:  8/11       EV: 13    Int: 22    God:
Gold:   119        SH:  0    Dex: 15    Spells: 3/10 levels left

rFire   + . .        j - +1 dagger (drain)
rCold   + . .        (no shield)
rNeg    . . .        d - +2 robe {rC+ rF+}
rPois   .            (no helmet)
rElec   .            (no cloak)
rCorr   .            (no gloves)
SInv    .            (no boots)
Will    .....        (no amulet)
Stlth   ++           (no ring)
HPRegen 0.24/turn    (no ring)
MPRegen 0.12/turn

%: no passive effects
@: very slightly contaminated
A: no striking features
a: no special abilities


You were on level 3 of the Dungeon.
You visited 1 branch of the dungeon, and saw 3 of its levels.

You collected 119 gold pieces.

Inventory:

Hand Weapons
 j - a +1 dagger of draining (weapon)
Armour
 d - a +2 robe of resistance (worn)
Scrolls
 a - a scroll of amnesia {unknown}
 h - a scroll of enchant armour
Potions
 b - a potion of magic
 c - a potion of invisibility {unknown}
 e - 2 potions of flight {unknown}
 i - a potion of curing {unknown}


   Skills:
 - Level 0.1 Fighting
 - Level 0.1 Short Blades
 - Level 3.0 Dodging
 - Level 3.3 Stealth
 - Level 3.6 Spellcasting
 + Level 2.0 Conjurations
 - Level 4.3 Fire Magic


You had 3 spell levels left.
You knew the following spells:

 Your Spells              Type           Power      Damage    Failure   Level
a - Foxfire               Conj/Fire      72%        2x1d7     3%          1
b - Scorch                Fire           46%        2d7       3%          2
c - Flame Wave            Conj/Fire      18%        2d7       30%         4

Your spell library contained the following spells:

 Spells                   Type           Power      Damage    Failure   Level
 Inner Flame              Hex/Fire       13%        N/A       14%         3
 Volatile Blastmotes      Fire/Tloc      26%        2d12      14%         3


Dungeon Overview and Level Annotations

Branches:
Dungeon (3/15)

Altars:
Hepliaklqana
Zin


Message History

Casting: Scorch (safe; 3% risk of failure)
Confirm with . or Enter, or press ? or * to list all spells.
The spell is astonishingly dangerous to miscast (30% risk of failure)!
Continue anyway?
Casting: Flame Wave (astonishingly dangerous; 30% risk of failure)
Press: ? - help, Dir - look around, f - activate You miscast Flame Wave.
You are very lightly contaminated with residual magic.
Nothing appears to happen.
An orc comes into view. It is wielding a +0 dagger.
The orc hits you but does no damage.
An orc comes into view. It is wielding a +0 short sword.
Found a robe.
The orc shouts!
The orc misses you.
The orc priest mumbles some strange prayers to Beogh against you.
You barely resist. The orc hits you with a +0 whip.
The orc attacks as you move away! The orc barely misses you. x2
Casting: Flame Wave (astonishingly dangerous; 30% risk of failure)
Confirm with . or Enter, or press ? or * to list all spells.
The spell is astonishingly dangerous to miscast (30% risk of failure)!
Continue anyway?
Casting: Flame Wave (astonishingly dangerous; 30% risk of failure)
Press: ? - help, Dir - look around, f - activate You miscast Flame Wave.
You are caught in a fiery explosion.
You resist. The orc hits you with a +0 club. The orc closely misses you.
The orc priest closely misses you.
Unknown command.
Magic courses through your body. The orc hits you with a +0 club.
The orc barely misses you.
The orc priest hits you but does no damage.
Casting: Flame Wave (astonishingly dangerous; 30% risk of failure)
Confirm with . or Enter, or press ? or * to list all spells.
The spell is astonishingly dangerous to miscast (30% risk of failure)!
Continue anyway?
Casting: Flame Wave (astonishingly dangerous; 30% risk of failure)
Press: ? - help, Dir - look around, f - activate You miscast Flame Wave.
You feel a strange surge of energy!
* * * LOW HITPOINT WARNING * * *
The orc completely misses you. The orc barely misses you.
The orc hits you with a +0 whip.
You die...

.# .# .# # .#
#[ .#######
#.########
........
#<.......#
.######
.#........####.
.#
........o......
.#
#)....@oo.....
.#
#.....oo.#####
.# ####.....#
.# #.....# .#
###'#### .#
#......# .#
#.... #......#
.# #.....#
#......#
######.....#
#......#


You could see an orc priest and 4 orcs.

Vanquished Creatures
  2 adders (D:2)
  A worm (D:3)
  2 dart slugs (D:1)
  7 endoplasms
  A giant cockroach (D:3)
  6 goblins
  3 hobgoblins
  6 jackals
  6 ball pythons
  7 bats
  2 frilled lizards
  9 kobolds
  8 rats
60 creatures vanquished.

Vanquished Creatures (others)
  100 foxfires
100 creatures vanquished.

Grand Total: 160 creatures vanquished

Notes
Turn   | Place    | Note
-------+----------+-------------------------------------------
     0 | D:1      | hawla the Deep Elf Fire Elementalist began the quest for
                  | the Orb.
     0 | D:1      | Reached XP level 1. HP: 10/10 MP: 6/6
   283 | D:1      | Reached XP level 2. HP: 15/15 MP: 6/8
   286 | D:1      | Learned a level 2 spell: Scorch
   775 | D:1      | Reached skill level 4 in Fire Magic
   945 | D:1      | Reached XP level 3. HP: 19/19 MP: 4/9
  2091 | D:2      | Reached XP level 4. HP: 19/24 MP: 8/11
  2096 | D:2      | Learned a level 4 spell: Flame Wave
  2518 | D:3      | Found a hazy altar of Hepliaklqana.
  2545 | D:3      | Found a glowing silver altar of Zin.
  2645 | D:3      | HP: 1/24 [something (11)]
  2645 | D:3      | Slain by an orc

Illustrated notes

Levels and vault maps discovered:
D:1:      denvon_arrival_waterhouse, layout_loops_ring
D:2:      layout_loops_corners
D:3:      minmay_door_path, layout_basic, nicolae_overflow_squiral,
          kennysheep_generic_room_3

Skill      XL: |  1  2  3  4 |
---------------+-------------+-----
Fire Magic     | 4 |  4.3
Stealth        | 3 |  3.3
Dodging        | 3 |  3.0
Conjurations   | 2 |  2.0
Fighting       | |  0.1
Short Blades   | |  0.1
Spellcasting   | |  3.6

Action                     |  1- 3 |  4- 6 || total
---------------------------+-------+-------++-------
  Melee: Unarmed           |     3 |       ||     3
         Punch             |     1 |       ||     1
         Short sword       |    28 |       ||    28
         Dagger            |     3 |     7 ||    10
   Cast: Foxfire           |    52 |     7 ||    59
         Scorch            |    11 |     4 ||    15
    Use: Scroll            |     5 |     3 ||     8
         Potion            |       |     1 ||     1
   Stab: Sleeping          |     3 |     4 ||     7
 Armour: Robe              |    15 |     2 ||    17
  Dodge: Dodged            |    36 |     9 ||    45
